 Dungeon Crawl Stone Soup version 0.32-a0-35-gd9ff480968 (webtiles) character file.

Game seed: 566478211287045470

156160 pokeman the Sorcerer (level 17, -7/97 HPs)
             Began as a Deep Elf Hedge Wizard on Jan 21, 2024.
             Was the Champion of Vehumet.
             Mangled by a merfolk
             ... wielding a +0 trident
             ... led by a merfolk aquamancer
              (18 damage)
             ... on level 4 of the Shoals.
             The game lasted 01:27:04 (32697 turns).

pokeman the Sorcerer (Deep Elf Hedge Wizard)       Turns: 32697, Time: 01:27:05

Health: -7/97      AC:  8    Str:  7    XL:     17   Next: 10%
Magic:  45/57      EV: 13    Int: 28    God:    Vehumet [******]
Gold:   1597       SH:  0    Dex: 14    Spells: 27/66 levels left

rFire   + . .        I - staff of fire
rCold   . . .        (no shield)
rNeg    . . .        H - +2 robe {Will+}
rPois   +            W - +0 helmet
rElec   .            K - +0 cloak
rCorr   .            (no gloves)
SInv    .            x - +0 pair of boots
Will    ++...        (no amulet)
Stlth   ++           Q - ring of poison resistance
HPRegen 0.36/turn    n - ring of magical power
MPRegen 0.35/turn

%: no passive effects
@: no status effects
A: no striking features
a: Renounce Religion


You were on level 4 of the Shoals.
You worshipped Vehumet.
Vehumet was exalted by your worship.
You visited 4 branches of the dungeon, and saw 25 of its levels.

You collected 1879 gold pieces.
You spent 282 gold pieces at shops.

Inventory:

Missiles
 a - 4 curare-tipped darts
 C - 8 throwing nets
Armour
 j - a +0 leather armour of cold resistance
 o - a +1 leather armour of fire resistance
 x - a +0 pair of boots (worn)
 H - a +2 robe of willpower (worn)
 K - a +0 cloak (worn)
 W - a +0 helmet (worn)
Magical Staves
 I - a staff of fire (weapon)
Jewellery
 n - a ring of magical power (right hand)
 r - a ring of protection from fire
 u - a ring of ice
 v - a ring of see invisible
 Q - a ring of poison resistance (left hand)
Wands
 b - a wand of flame (8)
 e - a wand of mindburst (6)
 F - a wand of roots (10)
Scrolls
 g - a scroll of brand weapon {unknown}
 i - a scroll of poison
 q - 11 scrolls of teleportation
 E - 5 scrolls of revelation
 R - 2 scrolls of fear
 S - 3 scrolls of fog
 T - 7 scrolls of blinking
Potions
 c - 3 potions of haste
 d - 6 potions of magic
 f - 2 potions of mutation
 h - a potion of cancellation {unknown}
 l - 13 potions of curing
 m - 4 potions of lignification {unknown}
 t - 5 potions of invisibility {unknown}
 L - 2 potions of degeneration {unknown}
 N - a potion of berserk rage {unknown}
 O - 6 potions of heal wounds {unknown}
 U - 7 potions of might {unknown}
 Z - 3 potions of brilliance
Miscellaneous
 D - a phial of floods


   Skills:
 - Level 8.0 Fighting
 + Level 7.8 Armour
 - Level 3.0 Dodging
 - Level 3.0 Stealth
 - Level 5.0 Shields
 * Level 25.3 Spellcasting
 + Level 15.7 Conjurations
 - Level 1.1 Summonings
 - Level 1.0 Necromancy
 - Level 1.1 Translocations
 + Level 12.6 Fire Magic
 - Level 7.0 Ice Magic
 - Level 1.0 Air Magic
 - Level 1.1 Earth Magic
 - Level 1.1 Alchemy
 - Level 1.0 Evocations


You had 27 spell levels left.
You knew the following spells:

 Your Spells              Type           Power      Damage    Failure   Level
a - Magic Dart            Conj           100%       1d8       0%          1
b - Mephitic Cloud        Conj/Alch/Air  62%        N/A       1%          3
c - Call Imp              Summ           82%        N/A       1%          2
d - Blink                 Tloc           82%        N/A       1%          2
e - Stone Arrow           Conj/Erth      100%       3d13      1%          3
f - Fireball              Conj/Fire      53%        3d21      1%          5
g - Freezing Cloud        Conj/Ice/Air   34%        6-21      1%          5
h - Starburst             Conj/Fire      53%        6d14      1%          6
i - Orb of Destruction    Conj           44%        9d12      1%          7
j - Iskenderun's Battles  Conj           89%        2d14      1%          5

Your spell library contained the following spells:

 Spells                   Type           Power      Damage    Failure   Level
 Bombard                  Conj/Erth      35%        9d6       1%          6
 Foxfire                  Conj/Fire      100%       2x1d9     0%          1
 Scorch                   Fire           100%       2d9       0%          2
 Hailstorm                Conj/Ice       78%        3d13      0%          3
 Apportation              Tloc           82%        N/A       1%          1
 Freeze                   Ice            100%       1d10      1%          1
 Slow                     Hex            100%       N/A       1%          1
 Sting                    Conj/Alch      100%       1d9       1%          1
 Cigotuvi's Dreadful Rot  Necr/Alch/Air  82%        N/A       1%          2
 Jinxbite                 Hex            70%        N/A       1%          2
 Lesser Beckoning         Tloc           82%        N/A       1%          2
 Mercury Vapours          Alch/Air       82%        N/A       1%          2
 Momentum Strike          Conj/Tloc      100%       3d10      1%          2
 Frozen Ramparts          Ice            100%       1d16      1%          3
 Summon Ice Beast         Ice/Summ       55%        N/A       1%          3
 Teleport Other           Tloc           41%        N/A       1%          3
 Brom's Barrelling Bould  Conj/Erth      70%        2d8       1%          4
 Iskenderun's Mystic Bla  Conj/Tloc      70%        2d14      1%          4
 Olgreb's Toxic Radiance  Alch           42%        N/A       1%          4
 Conjure Ball Lightning   Conj/Air       35%        3x3d11    1%          6
 Plasma Beam              Fire/Air       42%        2x1d56    2%          6
 Animate Dead             Necr           41%        N/A       5%          4
 Dispel Undead            Necr           41%        3d16      5%          4
 Martyr's Knell           Necr/Summ      41%        N/A       5%          4
 Vhi's Electric Charge    Tloc/Air       82%        N/A       5%          4
 Alistair's Intoxication  Alch           28%        N/A       14%         5
 Borgnjor's Vile Clutch   Necr/Erth      20%        N/A       14%         5
 Sculpt Simulacrum        Ice/Alch       27%        N/A       24%         6
 Fire Storm               Conj/Fire      53%        8d14      50%         9
 Death Channel            Necr           20%        N/A       63%         6
 Haunt                    Necr/Summ      20%        N/A       99%         7
 Infestation              Necr           20%        N/A       100%        8


Dungeon Overview and Level Annotations

Branches:
Dungeon (15/15)            Temple (1/1) D:4            Lair (5/5) D:11
 Shoals (4/4) Lair:2        Snake (0/4) Lair:3        Slime (0/5) Lair:4
    Orc (0/2) D:10         Vaults (0/5) D:13         Depths (0/4) D:15

Altars:
Ashenzari
Cheibriados
Dithmenos
Elyvilon
Fedhas
Gozag
Hepliaklqana
Kikubaaqudgha
Makhleb
Nemelex Xobeh
Okawaru
Qazlal
Ru
Sif Muna
Trog
Uskayaw
Vehumet
Wu Jian
Xom
Yredelemnul
Zin
The Shining One
Jiyva

Shops:
D:2 :   D:5 (!:   D:6 [   Shoals:2 (   Shoals:3 ?

Annotations:
D:3 2 runed translucent doors, olddryhag's ghost, amateur OnAE
D:8 1 runed translucent door, ggggg's ghost, novice HuWn


Message History

The merfolk is engulfed in a cloud of scalding steam.
Casting: Fireball (safe; 1% risk of failure)
Confirm with . or Enter, or press ? or * to list all spells.
Aiming: Fireball (safe; 1% risk of failure)
Press: ? - help, Shift-Dir - straight line You feel a surge of power!
The fireball explodes!
The fireball engulfs the cyclops!!!
The cyclops is almost dead.
The fireball engulfs the dream sheep!!!
You kill the dream sheep!
Vehumet accepts your kill.
The fireball engulfs the merfolk!!
You kill the merfolk!
Vehumet accepts your kill.
Unknown command.
Unknown command.
Casting: Fireball (safe; 1% risk of failure)
Confirm with . or Enter, or press ? or * to list all spells.
Aiming: Fireball (safe; 1% risk of failure)
Press: ? - help, Shift-Dir - straight line, f - merfolk
Aim: a merfolk, wielding a +0 trident
Okay, then.
Unknown command.
Casting: Fireball (safe; 1% risk of failure)
Confirm with . or Enter, or press ? or * to list all spells.
Casting: Starburst (mildly dangerous; 1% risk of failure)
Press: ? - help, Dir - look around, f - activate You feel a surge of power!
The bolt of fire hits the cyclops!!!
You kill the cyclops!
Vehumet accepts your kill.
You feel your power returning.
The bolt of fire hits the water elemental!!!
The water elemental is burned terribly!
You destroy the water elemental!
Vehumet accepts your kill.
The bolt of fire hits the merfolk!!!
The merfolk is almost dead.
The bolt of fire misses the merfolk impaler.
The merfolk hits you from afar with a +0 trident!!
You die...

..C.....~.§.§....
.. #..mm~<~[.....
.###...)§~~...... .
.....(...........
..##.......m.......
#........)........
#....÷..m.........
##............####.
.[.....@......#
.............#.
............#..
...........##
........(..#
...........#
##........~#
##.....~~..


You could see a merfolk impaler, a merfolk javelineer, a merfolk aquamancer and
a merfolk.

Vanquished Creatures
  Jorgrun (D:12)
  Frances (D:14)
  Kirke (D:14)
  Ilsuiw (Shoals:4)
  A dire elephant (Lair:3)
  Nessos (D:13)
  A fire dragon (Lair:4)
  An ettin (D:15)
  4 merfolk impalers
  Josephine (D:15)
  A merfolk javelineer (Shoals:3)
  14 hydras
  A vault guard (D:13)
  5 boulder beetles
  3 centaur warriors
  2 ogre magi
  2 merfolk avatars
  A catoblepas (Lair:5)
  4 merfolk aquamancers
  A dancing weapon (D:13)
  12 two-headed ogres
  A death yak (Lair:2)
  2 alligator snapping turtles (Shoals:2)
  3 tengu warriors
  An occultist (D:15)
  4 sun demons (Shoals:1)
  8 skysharks
  5 sea snakes
  2 arcanists
  11 harpies
  A lindwurm (Lair:5)
  3 deep elf pyromancers
  18 ugly things
  21 fauns
  5 cyclopes
  8 manticores
  2 centaur zombies (D:12)
  A black mamba (Lair:2)
  42 elephants
  6 merfolk sirens
  9 water nymphs
  2 torpor snails
  3 gargoyles
  8 rime drakes
  Jeremiah (D:7)
  13 cane toads
  A rime drake (shapeshifter) (D:9)
  An unseen horror (D:13)
  A kobold demonologist (D:9)
  12 komodo dragons
  An efreet (D:13)
  2 tengu conjurers
  5 wind drakes
  8 trolls
  30 merfolk
  A troll (shapeshifter) (D:13)
  11 polar bears
  A polar bear (shapeshifter) (D:13)
  3 hornets
  Grinder (D:5)
  6 snapping turtles
  29 blink frogs
  12 dream sheep
  A jumping spider (shapeshifter) (D:13)
  19 slime creatures
  14 water elementals
  2 shadows
  7 wraiths
  48 yaks
  A spriggan (Lair:3)
  7 wyverns
  5 humans (D:10)
  7 hogs (D:14)
  6 basilisks
  3 vampire mosquitoes (D:14)
  A steam dragon (D:7)
  2 nagas (Lair:3)
  An acid dragon (D:14)
  11 water moccasins
  7 orc warriors
  3 sky beasts
  5 black bears
  5 ice beasts
  A laughing skull (D:9)
  5 ogres
  9 wolves
  6 centaurs
  A phantom (D:5)
  2 kobold brigands
  3 gnoll sergeants
  4 scorpions
  20 bullfrogs
  5 wights (D:9)
  5 killer bees (D:8)
  2 howler monkeys
  An electric eel (D:15)
  A bombardier beetle (D:5)
  4 hounds
  5 orc priests
  Crazy Yiuf (D:7)
  A gnoll bouda (D:7)
  2 sleepcaps
  4 iguanas
  8 orc wizards
  10 adders
  24 gnolls
  2 white imps
  2 ufetubi (D:6)
  A ribbon worm (D:5)
  3 dart slugs
  49 orcs
  5 endoplasms
  2 giant cockroaches
  8 goblins
  8 hobgoblins
  4 jackals
  3 quokkas
  12 ball pythons
  7 bats
  A frilled lizard (D:3)
  11 kobolds
  6 rats
767 creatures vanquished.

Vanquished Creatures (collateral kills)
  A killer bee (D:8)
  A bombardier beetle (D:6)
  A gnoll (D:7)
3 creatures vanquished.

Grand Total: 770 creatures vanquished

Notes
Turn   | Place    | Note
-------+----------+-------------------------------------------
     0 | D:1      | pokeman the Deep Elf Hedge Wizard began the quest for the
                  | Orb.
     0 | D:1      | Reached XP level 1. HP: 10/10 MP: 7/7
   308 | D:1      | Reached XP level 2. HP: 15/15 MP: 6/9
  1084 | D:2      | Reached skill level 5 in Spellcasting
  1127 | D:2      | Reached XP level 3. HP: 16/20 MP: 1/11
  1131 | D:2      | Learned a level 3 spell: Mephitic Cloud
  1134 | D:2      | Learned a level 2 spell: Call Imp
  1137 | D:2      | Learned a level 2 spell: Blink
  1220 | D:2      | Reached skill level 1 in Fighting
  1307 | D:2      | Reached skill level 1 in Armour
  1387 | D:2      | Reached XP level 4. HP: 20/25 MP: 1/13
  1519 | D:2      | Found Ileaph's Book Shop.
  1575 | D:2      | Found a bloodstained altar of Trog.
  1615 | D:2      | Found a faded altar of an unknown god.
  2181 | D:3      | Found a large runed translucent door.
  2181 | D:3      | Found a large runed translucent door.
  2408 | D:3      | Noticed olddryhag's ghost (amateur OnAE)
  2430 | D:3      | Reached skill level 6 in Spellcasting
  2439 | D:3      | Reached XP level 5. HP: 23/29 MP: 14/15
  3160 | D:4      | Reached skill level 1 in Alchemy
  3171 | D:4      | Reached skill level 1 in Shields
  3171 | D:4      | Reached skill level 1 in Air Magic
  3172 | D:4      | Reached XP level 6. HP: 29/34 MP: 9/17
  3366 | D:4      | Reached skill level 7 in Spellcasting
  3731 | D:4      | Found a staircase to the Ecumenical Temple.
  3746 | Temple   | Entered the Ecumenical Temple
  4298 | D:4      | Reached XP level 7. HP: 38/39 MP: 20/20
  4367 | D:5      | Entered Level 5 of the Dungeon
  4379 | D:5      | Found Cyjoem's Distillery.
  4384 | D:5      | Bought a potion of curing for 33 gold pieces
  4384 | D:5      | Bought a potion of curing for 33 gold pieces
  4465 | D:5      | Found Bonlywk's Weapon Shoppe.
  4482 | D:5      | Reached skill level 8 in Spellcasting
  4881 | D:5      | Found Gaotril's Book Shop.
  5001 | D:5      | Found a burning altar of Makhleb.
  5002 | D:5      | Found a radiant altar of Vehumet.
  5002 | D:5      | Found an ancient bone altar of Kikubaaqudgha.
  5003 | D:5      | Found a basalt altar of Yredelemnul.
  5007 | D:5      | Found an ornate altar of the Wu Jian Council.
  5010 | D:5      | Became a worshipper of Vehumet
  5118 | D:5      | Reached skill level 9 in Spellcasting
  5509 | D:6      | Reached XP level 8. HP: 44/44 MP: 22/23
  5577 | D:6      | Reached skill level 5 in Conjurations
  5812 | D:6      | Reached skill level 10 in Spellcasting
  5812 | D:6      | Reached skill level 1 in Evocations
  5831 | D:6      | Reached skill level 11 in Spellcasting
  5843 | D:6      | Reached XP level 9. HP: 9/48 MP: 22/26
  6078 | D:6      | Found a bloodstained altar of Trog.
  6121 | D:6      | Noticed Grinder
  6128 | D:6      | Reached skill level 12 in Spellcasting
  6288 | D:5      | Paralysed by Grinder for 5 turns
  6299 | D:5      | Killed Grinder
  6299 | D:5      | Reached * piety under Vehumet
  6299 | D:5      | Offered knowledge of Kiss of Death by Vehumet.
  6522 | D:6      | Found Qyepluar's Armour Shoppe.
  6592 | D:6      | Learned a level 5 spell: Freezing Cloud
  7077 | D:7      | Reached skill level 1 in Ice Magic
  7241 | D:7      | Found a runed translucent door.
  7242 | D:7      | Noticed Crazy Yiuf
  7288 | D:7      | Reached skill level 13 in Spellcasting
  7296 | D:7      | Got the Incunable of Wildfire and the Lungs
  7352 | D:7      | Noticed Joseph
  7501 | D:7      | Noticed Jeremiah
  7712 | D:7      | Joseph changed into Joseph the black bear
  7712 | D:7      | Noticed Joseph
  7720 | D:7      | Killed Joseph the black bear
  7879 | D:7      | Killed Jeremiah
  7880 | D:7      | Reached XP level 10. HP: 28/56 MP: 29/29
  8429 | D:7      | Killed Crazy Yiuf
  8741 | D:8      | Found a runed translucent door.
  8741 | D:8      | Found a shimmering altar of Xom.
  8742 | D:8      | Noticed a +0 whip of chaos
  8743 | D:8      | Noticed ggggg's ghost (novice HuWn)
  8880 | D:8      | Reached skill level 1 in Necromancy
  8890 | D:8      | Offered knowledge of Searing Ray by Vehumet.
  9390 | D:9      | Identified the +4 quarterstaff "Qirhah" {heavy, Int+3}
  9392 | D:9      | Reached ** piety under Vehumet
  9397 | D:9      | Noticed a two-headed ogre
  9404 | D:9      | Killed a two-headed ogre
  9405 | D:9      | Reached skill level 14 in Spellcasting
  9530 | D:9      | Noticed a two-headed ogre
  9535 | D:9      | Killed a two-headed ogre
  9695 | D:9      | Noticed a two-headed ogre
  9703 | D:9      | Killed a two-headed ogre
  9801 | D:9      | Noticed a two-headed ogre
  9802 | D:9      | Noticed a two-headed ogre
  9807 | D:9      | Killed a two-headed ogre
  9807 | D:9      | Killed a two-headed ogre
  9808 | D:9      | Reached skill level 15 in Spellcasting
  9808 | D:9      | Reached skill level 5 in Ice Magic
  9808 | D:9      | Reached XP level 11. HP: 61/61 MP: 32/32
  9817 | D:9      | Noticed a deep elf pyromancer
 10080 | D:9      | Offered knowledge of Stone Arrow by Vehumet.
 10085 | D:9      | Learned a level 3 spell: Stone Arrow
 10799 | D:9      | Killed a deep elf pyromancer
 10800 | D:9      | Reached skill level 1 in Earth Magic
 11000 | D:10     | Entered Level 10 of the Dungeon
 11010 | D:10     | Found a sparkling altar of Nemelex Xobeh.
 11067 | D:10     | Found a staircase to the Orcish Mines.
 11072 | D:10     | Reached *** piety under Vehumet
 11216 | D:10     | Reached skill level 16 in Spellcasting
 11216 | D:10     | Offered knowledge of Sticky Flame by Vehumet.
 11343 | D:10     | Found a broken altar of Ashenzari.
 11827 | D:10     | Learned a level 5 spell: Fireball
 11833 | D:10     | Learned a level 5 spell: Iskenderun's Battlesphere
 11841 | D:10     | Learned a level 7 spell: Orb of Destruction
 12126 | D:11     | Noticed an arcanist
 12135 | D:11     | Killed an arcanist
 12136 | D:11     | Reached skill level 1 in Fire Magic
 12389 | D:11     | Reached skill level 10 in Conjurations
 12399 | D:11     | Reached XP level 12. HP: 39/66 MP: 13/34
 12454 | D:11     | Noticed a boulder beetle
 12686 | D:11     | Found a staircase to the Lair.
 12715 | D:11     | Killed a boulder beetle
 12716 | D:11     | Reached skill level 17 in Spellcasting
 13351 | D:12     | Got the Textbook on Flaming Elsewhere
 13397 | D:12     | Reached **** piety under Vehumet
 13539 | D:12     | Offered knowledge of Volatile Blastmotes by Vehumet.
 13540 | D:12     | Reached skill level 5 in Shields
 13734 | D:12     | Noticed Jorgrun
 13802 | D:12     | Killed Jorgrun
 14075 | D:12     | Reached skill level 18 in Spellcasting
 14482 | D:12     | Found a basalt altar of Yredelemnul.
 14910 | D:13     | Reached skill level 5 in Armour
 14914 | D:13     | Noticed a four-headed hydra
 14916 | D:13     | Killed a four-headed hydra
 15048 | D:13     | Noticed a four-headed hydra
 15052 | D:13     | Killed a four-headed hydra
 15053 | D:13     | Reached skill level 5 in Fire Magic
 15153 | D:13     | Noticed Nessos
 15161 | D:13     | Killed Nessos
 15162 | D:13     | Reached XP level 13. HP: 43/70 MP: 33/37
 15519 | D:13     | Found a gate to the Vaults.
 16119 | D:13     | Reached skill level 19 in Spellcasting
 16289 | D:14     | Reached ***** piety under Vehumet
 16368 | D:14     | Offered knowledge of Yara's Violent Unravelling by Vehumet.
 16693 | D:14     | Noticed Frances
 16698 | D:14     | Killed Frances
 16736 | D:14     | Reached skill level 5 in Fighting
 17001 | D:14     | Reached skill level 20 in Spellcasting
 17322 | D:14     | Noticed Kirke
 17328 | D:14     | Killed Kirke
 17510 | D:15     | Entered Level 15 of the Dungeon
 17525 | D:15     | Noticed Josephine
 17531 | D:15     | Killed Josephine
 17532 | D:15     | Reached XP level 14. HP: 79/80 MP: 20/40
 17698 | D:15     | Offered knowledge of Arcjolt by Vehumet.
 17908 | D:15     | Found a staircase to the Depths.
 18432 | D:15     | Reached skill level 21 in Spellcasting
 18709 | Lair:1   | Entered Level 1 of the Lair of Beasts
 21213 | Lair:2   | Reached skill level 22 in Spellcasting
 21538 | Lair:2   | Reached XP level 15. HP: 86/86 MP: 18/43
 22017 | Lair:2   | Found a staircase to the Shoals.
 22364 | Lair:3   | Offered knowledge of Spellforged Servitor by Vehumet.
 22531 | Lair:3   | Reached skill level 10 in Fire Magic
 22836 | Lair:3   | Found a staircase to the Snake Pit.
 23757 | Lair:4   | HP: 3/88 [blink frog (14)]
 24031 | Lair:4   | Reached skill level 23 in Spellcasting
 24346 | Lair:4   | Found a staircase to the Slime Pits.
 24347 | Lair:4   | Found a viscous altar of Jiyva.
 25416 | Lair:5   | Entered Level 5 of the Lair of Beasts
 26126 | Lair:5   | Reached ****** piety under Vehumet
 26632 | Lair:5   | Reached XP level 16. HP: 93/93 MP: 45/45
 26654 | Lair:5   | Offered knowledge of Starburst by Vehumet.
 26662 | Lair:5   | Learned a level 6 spell: Starburst
 27066 | Lair:5   | Identified the +0 plate armour of the Eternal Void {rElec
                  | rF+}
 28138 | Shoals:1 | Entered Level 1 of the Shoals
 28397 | Shoals:1 | Reached skill level 24 in Spellcasting
 28635 | Shoals:1 | Reached skill level 15 in Conjurations
 29712 | Shoals:2 | Offered knowledge of Bombard by Vehumet.
 30122 | Shoals:2 | Found Zyffe's Weapon Emporium.
 31169 | Shoals:3 | Reached skill level 25 in Spellcasting
 31646 | Shoals:3 | Identified the +8 halberd "Jyceseur" {flame, Int+3 Dex+4}
 31898 | Shoals:3 | Found Huasadebb's Magic Scroll Shop.
 31935 | Shoals:3 | Bought a scroll of blinking for 90 gold pieces
 31935 | Shoals:3 | Bought a scroll of teleportation for 36 gold pieces
 31935 | Shoals:3 | Bought a scroll of revelation for 90 gold pieces
 32223 | Shoals:3 | Reached XP level 17. HP: 97/97 MP: 42/48
 32334 | Shoals:4 | Entered Level 4 of the Shoals
 32342 | Shoals:4 | Noticed Ilsuiw
 32489 | Shoals:4 | Killed Ilsuiw
 32694 | Shoals:4 | HP: 4/97 [merfolk/boomerang[Ilsuiw] (6)]
 32697 | Shoals:4 | Mangled by a merfolk

Illustrated notes

Levels and vault maps discovered:
D:1:      reono_arrival_mine, layout_loops_ring, eino_curves_04, hex_large,
          hangedman_decor_clover_reticule
D:2:      layout_basic, basic_altar, serial_shops, shop,
          chequers_ecumenical_altar_island
D:3:      layout_basic, serial_aquarium, aquarium_bridge_straight
          [aquarium_subvault_bridge, aquarium_subvault_window,
          aquarium_subvault_bridge, aquarium_subvault_wall], aquarium_window_1,
          aquarium_window_1, aquarium_window_1, aquarium_window_1,
          aquarium_view_2b, aquarium_pool_corner, ebering_ghost_disaster_area
D:4:      layout_basic, minmay_temple_entry_drinking_statues
D:5:      layout_gridville, minitemple, serial_shops, nicolae_take_the_stairs,
          nicolae_shop_bloodbath_and_beyond, nicolae_shop_rolling_square
D:6:      layout_loops_ring, trog_three_pillars_becter, serial_shops, shop,
          uniq_grinder
D:7:      layout_basic, kennysheep_small_spiral, uniq_joseph, uniq_jeremiah,
          uniq_crazy_yiuf_cottage
D:8:      layout_gridville, ebering_ghost_xom
D:9:      minmay_bloctagon, layout_basic
D:10:     layout_irregular_city, evilmike_ruin_ashenzari, amcnicky_altar_gilded,
          david_orc_5, minmay_ruffians
D:11:     layout_rooms, hellmonk_lair_entry_icy
D:12:     layout_irregular_city, drop_trap, lemuel_zombie_altar_yredelemnul,
          uniq_jorgrun
D:13:     layout_irregular_city, erik_vaults_1, serial_column_ruins,
          column_ruins_hut, column_ruins_open_medium_water,
          column_ruins_columns_dead_end, column_ruins_grid_1,
          column_ruins_open_tiny, uniq_nessos
D:14:     layout_basic, nicolae_wwwww, nicolae_letterblocks
          [nicolae_letter_subblock, nicolae_letter_subblock,
          nicolae_letter_subblock, nicolae_letter_subblock,
          nicolae_letter_subblock, nicolae_letter_subblock,
          nicolae_letter_subblock, nicolae_letter_subblock,
          nicolae_letter_subblock, nicolae_letter_subblock,
          nicolae_letter_subblock, nicolae_letter_subblock,
          nicolae_letter_subblock, nicolae_letter_subblock,
          nicolae_letter_subblock, nicolae_letter_subblock,
          nicolae_letter_subblock, nicolae_letter_subblock,
          nicolae_letter_subblock, nicolae_letter_subblock,
          nicolae_letter_subblock, nicolae_letter_subblock,
          nicolae_letter_subblock, nicolae_letter_subblock,
          nicolae_letter_subblock], uniq_kirke, uniq_frances
D:15:     hangedman_depths_entry_civil_slaughter, layout_basic, minivault_23,
          uniq_josephine
Temple:   eino_temple_water
Lair:1:   layout_chaotic_city
Lair:2:   nzn_winding_woodlands_large [nzn_winding_woodlands_5x5_closed_star,
          nzn_winding_woodlands_5x15_zeroes,
          nzn_winding_woodlands_5x5_open_star,
          nzn_winding_woodlands_center_pierced_h,
          nzn_winding_woodlands_15x15_boxy_spiral,
          nzn_winding_woodlands_center_garden,
          nzn_winding_woodlands_5x5_default,
          nzn_winding_woodlands_5x15_sidewinder,
          nzn_winding_woodlands_5x5_three], layout_chaotic_city,
          minmay_shoals_entry_lonely_mermaid
Lair:3:   mu_elephants_graveyard, layout_chaotic_city,
          guppyfry_snake_entry_garden, cheibrodos_lair_lostbears
Lair:4:   dragon1_lemuel, layout_small_grid, slime_entry_1, serial_bayou_shore_b
Lair:5:   gammafunk_lair_ancient_temple, layout_small_grid,
          nicolae_lair_grove_arrangements
Shoals:1: layout_shoals, abandoned_shop, nicolae_shoals_sun_and_surf
Shoals:2: layout_shoals, serial_shops, nicolae_square_shop
Shoals:3: layout_shoals, serial_shops, nicolae_shop_window_shopping
Shoals:4: shoals_end_hangedman, layout_shoals, shoals_ilsuiw_ice, uniq_mlioglotl

Skill      XL: |  1  2  3  4  5  6  7  8  9 10 11 12 13 14 15 16 |
---------------+-------------------------------------------------+-----
Spellcasting   | 5 6 7 9 11 13 15 16 18 20 22 23 25 | 25.3
Fighting       | 1 2 3 4 6 7 8 |  8.0
Armour         | 1 2 3 4 5 6 7 |  7.8
Conjurations   | 2 3 4 6 7 8 10 11 12 13 14 15 | 15.7
Stealth        | 3 |  3.0
Dodging        | 3 |  3.0
Alchemy        | 1 |  1.1
Shields        | 1 3 4 5 |  5.0
Air Magic      | 1 |  1.0
Evocations     | 1 |  1.0
Ice Magic      | 2 5 6 7 |  7.0
Necromancy     | 1 |  1.0
Earth Magic    | 1 |  1.1
Fire Magic     | 1 5 7 9 11 12 | 12.6
Summonings     | |  1.1
Translocations | |  1.1

Action                     |  1- 3 |  4- 6 |  7- 9 | 10-12 | 13-15 | 16-18 || total
---------------------------+-------+-------+-------+-------+-------+-------++-------
  Melee: Dagger            |     8 |     5 |       |       |       |       ||    13
         Whip              |       |    22 |   100 |    14 |       |       ||   136
         Punch             |       |       |     1 |       |       |       ||     1
         Short sword       |       |       |       |    51 |       |       ||    51
         Trident           |       |       |       |    23 |    33 |       ||    56
         Staff             |       |       |       |       |       |     2 ||     2
   Cast: Magic Dart        |    72 |   174 |   207 |    89 |     3 |     1 ||   546
         Mephitic Cloud    |     2 |     6 |    26 |    16 |    20 |     2 ||    72
         Call Imp          |       |     1 |    14 |     4 |     1 |       ||    20
         Blink             |       |       |     4 |     1 |     4 |     3 ||    12
         Freezing Cloud    |       |       |     2 |    43 |    54 |     8 ||   107
         Stone Arrow       |       |       |       |    70 |   212 |     6 ||   288
         Fireball          |       |       |       |    52 |   268 |   238 ||   558
         Orb of Destructio |       |       |       |     5 |    16 |     7 ||    28
         Iskenderun's Batt |       |       |       |     1 |       |       ||     1
         Starburst         |       |       |       |       |       |     5 ||     5
  Evoke: Wand              |       |       |     4 |     2 |     1 |     6 ||    13
    Use: Scroll            |       |       |       |       |    16 |     4 ||    20
         Potion            |       |       |       |       |       |     1 ||     1
   Stab: Confused          |     1 |     3 |    17 |     9 |     2 |       ||    32
         Distracted        |       |       |     2 |       |       |       ||     2
 Armour: Robe              |     8 |    23 |    80 |    84 |   105 |    54 ||   354
  Dodge: Dodged            |    12 |    33 |    97 |    76 |    54 |    38 ||   310

Table legend: (Time is in decaauts)
 A = Elapsed time spent in this place.
 B = Non-inter-level travel time spent in this place.
 C = Inter-level travel time spent in this place.
 D = Time resting spent in this place.
 E = Time spent auto-exploring this place.
 F = Levels seen in this place.
 G = Mean time per level.
                   A        B        C        D        E       F      G
               +--------+--------+--------+--------+--------+-----+--------+
         Total |  33057 |  31177 |   1880 |   3000 |  23913 |  25 | 1322.3 |
       Dungeon |  19244 |  17936 |   1308 |   1497 |  13745 |  15 | 1282.9 |
        Temple |     59 |     52 |      7 |      0 |      0 |   1 |   59.0 |
          Lair |   9107 |   8730 |    377 |    663 |   7035 |   5 | 1821.4 |
        Shoals |   4645 |   4458 |    187 |    840 |   3132 |   4 | 1161.2 |
               +--------+--------+--------+--------+--------+-----+--------+

Top non-repeatable levels by time:
  Lair:2: 2581 daAuts
  Lair:5: 2058 daAuts
  Lair:3: 1960 daAuts
     D:9: 1829 daAuts
Shoals:2: 1774 daAuts
     D:7: 1718 daAuts
  Lair:4: 1563 daAuts
    D:12: 1496 daAuts
     D:5: 1445 daAuts
    D:14: 1436 daAuts
Shoals:3: 1423 daAuts
Shoals:1: 1411 daAuts
     D:6: 1377 daAuts
    D:10: 1319 daAuts
     D:4: 1299 daAuts
